Panthers vs Ducks

Created - 22 janvier 2021 at 20:21

Goals
1 2 3 OT1 T
Panthers 1 1 0 0 2
Ducks 1 1 0 1 3
Shots
1 2 3 OT1 T
Panthers 12 14 9 2 37
Ducks 6 9 8 6 29

1st period

1. Ducks , Anders Lee 14 (T.J. Brodie 18, Luke Kunin 12) at 0:29
2. Panthers , Nikita Kucherov 18 (Dylan Larkin 24) at 10:10

Penalties :
Josh Manson (ANA) for Tripping (Minor) at 9:03, Aleksander Barkov (FLA) for Interference (Minor) at 9:03

2nd period

3. Panthers , Colton Parayko 8 (Dylan Larkin 25, Alex Ovechkin 20) at 1:13 (PP)
4. Ducks , Kyle Turris 6 (Tyler Ennis 8, Michael Raffl 1) at 15:14

Penalties :
Josh Manson (ANA) for Interference (Minor) at 0:03, Artem Anisimov (ANA) for Roughing (Minor) at 1:33, Samuel Girard (FLA) for Hooking (Minor) at 1:43, Josh Manson (ANA) for Tripping (Minor) at 8:39, Zdeno Chara (FLA) for Tripping (Minor) at 13:06, Luke Schenn (ANA) for Kneeing (Minor) at 15:24

3rd period

No Goal

Penalties :
Matt Calvert (FLA) for Interference (Minor) at 10:35, Nikita Kucherov (FLA) for Tripping (Minor) at 13:09, Tyler Ennis (ANA) for Hooking (Minor) at 15:28, Justin Holl (FLA) for Hooking (Minor) at 18:00

Overtime #1

5. Ducks , Anders Lee 15 (Josh Manson 13, Derek Stepan 21) at 2:59

Penalties :
No Penalty

Goalie Stats

Corey Crawford (FLA), 26 saves from 29 shots - (0,897), OTL, 37-1-3, 63:00 minutes
Antti Raanta (ANA), 35 saves from 37 shots - (0,946), W, 11-8-3, 63:00 minutes

Players Stats for Panthers

Player Name              G  A  P  +/- PIM S  H  SB GA TA FO     MP     PP MP  PK MP  
------------------------------------------------------------------------------------
Aleksander Barkov        0  0  0  -2  2   7  0  0  0  0  20/29  19:50   3:52   1:14 
Alex Ovechkin            0  1  1   0  0   2  2  0  0  0  0/0    20:50   3:25   0:19 
Andrew Copp              0  0  0   0  0   2  0  0  0  0  1/1     5:15   0:00   0:00 
Colton Parayko           1  0  1   1  0   4  1  0  0  0  0/0    23:55   4:03   4:15 
Derek Grant              0  0  0   0  0   3  1  0  0  0  7/14    9:49   0:00   4:34 
Dylan Larkin             0  2  2   0  0   2  0  0  0  0  14/23  21:10   3:25   0:00 
Jean-Gabriel Pageau      0  0  0   0  0   3  0  0  0  0  7/11   12:58   0:02   3:04 
Jeff Petry               0  0  0  -2  0   2  1  0  0  0  0/0    25:13   3:12   3:53 
Jonathan Huberdeau       0  0  0  -2  0   2  2  0  0  0  0/0    16:37   3:52   0:00 
Justin Holl              0  0  0  -1  2   0  3  1  0  0  0/0    12:13   0:02   0:00 
Matt Calvert             0  0  0   0  2   0  0  0  0  0  1/1    11:23   0:00   2:18 
Matthew Tkachuk          0  0  0   0  0   2  1  0  0  0  0/0    17:35   3:52   0:00 
Nikita Kucherov          1  0  1  -2  2   2  1  0  0  0  1/3    19:32   3:23   0:00 
Oskar Sundqvist          0  0  0   0  0   1  1  0  0  0  0/0     9:58   0:00   4:43 
Pierre-Luc Dubois        0  0  0   0  0   1  3  0  0  0  0/1     9:06   0:00   0:00 
Quinn Hughes             0  0  0  -1  0   4  0  1  0  0  0/0    26:07   3:12   4:27 
Samuel Girard            0  0  0   0  2   0  0  1  0  0  0/0    18:51   4:02   0:28 
Zdeno Chara              0  0  0   0  2   0  1  2  0  0  0/0    16:38   0:02   3:09 

Players Stats for Ducks

Player Name              G  A  P  +/- PIM S  H  SB GA TA FO     MP     PP MP  PK MP  
------------------------------------------------------------------------------------
Anders Lee               2  0  2   1  0   7  1  0  0  0  0/1    24:03   4:27   4:49 
Artem Anisimov           0  0  0   0  2   0  1  0  0  0  0/0    17:49   3:00   0:00 
Brandon Sutter           0  0  0   0  0   4  0  1  0  0  0/1    18:27   3:00   0:00 
Brett Connolly           0  0  0   0  0   0  0  0  0  0  0/0     5:45   0:38   0:49 
Calvin de Haan           0  0  0   0  0   0  2  1  0  0  0/0    22:27   3:18   4:03 
Derek Forbort            0  0  0   0  0   1  1  6  0  0  0/0    22:12   3:18   4:03 
Derek Stepan             0  1  1   1  0   5  1  0  0  0  16/36  26:21   4:27   4:21 
Jack Roslovic            0  0  0   0  0   2  0  0  0  0  9/25   20:21   3:00   1:39 
Jacob de La Rose         0  0  0   0  0   0  0  0  0  0  2/3     4:10   0:00   0:00 
Josh Manson              0  1  1   2  6   2  2  0  0  0  0/0    23:55   4:48   1:27 
Kyle Turris              1  0  1   1  0   2  2  0  0  0  4/12   14:52   0:00   1:39 
Luke Kunin               0  1  1   1  0   0  1  0  0  0  0/0    15:05   4:28   0:00 
Luke Schenn              0  0  0   1  2   0  1  0  0  0  0/0    13:39   0:00   0:14 
Michael Raffl            0  1  1   1  0   0  0  1  0  0  0/3    13:06   0:00   1:17 
Nick Ritchie             0  0  0   0  0   1  0  0  0  0  1/1     3:00   0:39   0:00 
T.J. Brodie              0  1  1   0  0   2  0  0  0  0  0/0    24:58   4:48   3:00 
Tucker Poolman           0  0  0   0  0   0  0  1  0  0  0/0    14:48   0:00   1:47 
Tyler Ennis              0  1  1   1  2   3  1  0  0  0  0/1    12:51   0:39   0:00 

3 Stars

1 - Anders Lee (ANA)
2 - Antti Raanta (ANA)
3 - Kyle Turris (ANA)

Power Play

Panthers - 1 on 5 Attempt(s) - 20,00%
Ducks - 0 on 5 Attempt(s) - 0,00%

Penalty Kill

Panthers - 5 on 5 Attempt(s) - 100,00% - Score 0 goal in Penalty Kill
Ducks - 4 on 5 Attempt(s) - 80,00% - Score 0 goal in Penalty Kill

Team Stat

Panthers - Hits : 17 - Faceoff Wins : 51 - Blocked Shots : 5 - Penalty Minutes : 12
Ducks - Hits : 13 - Faceoff Wins : 32 - Blocked Shots : 10 - Penalty Minutes : 12

Official

Referees : Shaun Davis and Robert Hennessey
Linesman : Kyle Flemington and James Tobias

Game Notes

No Game Note

Finance

Level 1 -- Attendance: 6500 (100,00%) -- Ticket Income 715 000 $
Level 2 -- Attendance: 4484 (89,68%) -- Ticket Income 336 300 $
Level 3 -- Attendance: 2600 (100,00%) -- Ticket Income 145 600 $
Level 4 -- Attendance: 2074 (100,00%) -- Ticket Income 82 960 $
Luxury Box -- Attendance: 1000 (100,00%) -- Ticket Income 199 000 $
Game was played at the Honda Center.
Total Attendance: 16658 (97,00%)
Total Ticket Income: 1 478 860 $
Other Income: 724 641 $
Total Income: 2 203 501 $

% Time on Ice - Panthers

Lines # - Real PCT - Wanted PCT - Time Play
Normal Forward
1 - 31% - 33% - 12:45
2 - 34% - 33% - 13:43
3 - 22% - 24% - 9:06
4 - 13% - 10% - 5:15
Normal Defense
1 - 35% - 40% - 14:16
2 - 35% - 40% - 14:21
3 - 30% - 20% - 12:12
4 - 0% - 0% - 0:00
PP Forward
1 - 53% - 50% - 3:52
2 - 47% - 50% - 3:25
PP Defense
1 - 44% - 50% - 3:14
2 - 56% - 50% - 4:03
PK Forward
1 - 62% - 60% - 5:02
2 - 38% - 40% - 3:04
PK Defense
1 - 45% - 60% - 3:39
2 - 55% - 40% - 4:27
PK3 Forward
1 - 0% - 60%
2 - 0% - 40%
PK3 Defense
1 - 0% - 60%
2 - 0% - 40%
44 Forward
1 - 45% - 50% - 1:43
2 - 55% - 50% - 2:05
44 Defense
1 - 67% - 60% - 2:32
2 - 33% - 40% - 1:16
Last Minute Offensive  - 0:00
Last Minute Defensive  - 0:00
Total
Forward - 60:00
Defense - 60:00

% Time on Ice - Ducks

Lines # - Real PCT - Wanted PCT - Time Play
Normal Forward
1 - 24% - 40% - 10:00
2 - 36% - 30% - 14:50
3 - 29% - 20% - 11:49
4 - 10% - 10% - 4:10
Normal Defense
1 - 30% - 40% - 12:12
2 - 38% - 30% - 15:22
3 - 31% - 20% - 12:44
4 - 1% - 10% - 0:31
PP Forward
1 - 55% - 60% - 4:28
2 - 45% - 40% - 3:38
PP Defense
1 - 59% - 60% - 4:48
2 - 41% - 40% - 3:18
PK Forward
1 - 77% - 60% - 5:38
2 - 23% - 40% - 1:39
PK Defense
1 - 45% - 60% - 3:15
2 - 55% - 40% - 4:02
PK3 Forward
1 - 0% - 60%
2 - 0% - 40%
PK3 Defense
1 - 0% - 60%
2 - 0% - 40%
44 Forward
1 - 86% - 60% - 3:17
2 - 14% - 40% - 0:31
44 Defense
1 - 90% - 60% - 3:25
2 - 10% - 40% - 0:23
Last Minute Offensive  - 0:00
Last Minute Defensive  - 0:00
Total
Forward - 60:00
Defense - 60:00

Play-by-Play

1st period


0:01 of 1st period - Aleksander Barkov wins face-off versus Derek Stepan in neutral zone.
0:17 of 1st period - Shot by Anders Lee.
0:17 of 1st period - Shot Blocked by Quinn Hughes.
0:25 of 1st period - Shot by Anders Lee.
0:25 of 1st period - Shot Misses the Net.
0:29 of 1st period - Shot by Anders Lee.
0:29 of 1st period - Goal by Anders Lee - Panthers : 0 - Ducks : 1.
0:30 of 1st period - Jack Roslovic wins face-off versus Dylan Larkin in neutral zone.
0:37 of 1st period - Shot by Brandon Sutter.
0:37 of 1st period - Stopped by Corey Crawford with a rebound.
0:50 of 1st period - Dylan Larkin is hit by Artem Anisimov and loses puck.
1:58 of 1st period - Icing by Justin Holl.
1:59 of 1st period - Jean-Gabriel Pageau wins face-off versus Derek Stepan in Panthers zone.
3:32 of 1st period - Shot by Jonathan Huberdeau.
3:32 of 1st period - Stopped by Antti Raanta without a rebound.
3:33 of 1st period - Derek Grant wins face-off versus Kyle Turris in Ducks zone.
3:46 of 1st period - Shot by Andrew Copp.
3:46 of 1st period - Stopped by Antti Raanta with a rebound.
3:48 of 1st period - Shot by Oskar Sundqvist.
3:48 of 1st period - Stopped by Antti Raanta without a rebound.
3:49 of 1st period - Jacob de La Rose wins face-off versus Aleksander Barkov in Ducks zone.
4:06 of 1st period - Jacob de La Rose is hit by Nikita Kucherov and loses puck.
4:19 of 1st period - Shot by Nikita Kucherov.
4:19 of 1st period - Deflect By Aleksander Barkov.
4:19 of 1st period - Stopped by Antti Raanta without a rebound.
4:20 of 1st period - Dylan Larkin wins face-off versus Kyle Turris in Ducks zone.
4:23 of 1st period - Shot by Alex Ovechkin.
4:23 of 1st period - Stopped by Antti Raanta with a rebound.
5:01 of 1st period - Shot by Alex Ovechkin.
5:01 of 1st period - Deflect By Dylan Larkin.
5:01 of 1st period - Shot Misses the Net.
5:13 of 1st period - Shot by Oskar Sundqvist.
5:13 of 1st period - Shot Blocked by Tucker Poolman.
5:21 of 1st period - Shot by Derek Grant.
5:21 of 1st period - Stopped by Antti Raanta without a rebound.
5:22 of 1st period - Derek Stepan wins face-off versus Aleksander Barkov in Ducks zone.
5:27 of 1st period - Jonathan Huberdeau is hit by Luke Kunin and loses puck.
5:33 of 1st period - Icing by Jonathan Huberdeau.
5:34 of 1st period - Aleksander Barkov wins face-off versus Jack Roslovic in Panthers zone.
5:55 of 1st period - Shot by Aleksander Barkov.
5:55 of 1st period - Deflect By Nikita Kucherov.
5:55 of 1st period - Shot Misses the Net.
6:43 of 1st period - Shot by Derek Grant.
6:43 of 1st period - Shot Misses the Net.
7:14 of 1st period - Shot by Matthew Tkachuk.
7:14 of 1st period - Shot Misses the Net.
7:40 of 1st period - Shot by Dylan Larkin.
7:40 of 1st period - Stopped by Antti Raanta with a rebound.
7:42 of 1st period - Shot by Zdeno Chara.
7:42 of 1st period - Shot Misses the Net.
8:07 of 1st period - Icing by Brandon Sutter.
8:08 of 1st period - Aleksander Barkov wins face-off versus Jack Roslovic in Ducks zone.
9:03 of 1st period - Minor Penalty to Josh Manson for Tripping.
9:03 of 1st period - Minor Penalty to Aleksander Barkov for Interference.
9:04 of 1st period - Dylan Larkin wins face-off versus Derek Stepan in Ducks zone.
9:58 of 1st period - Shot by Nick Ritchie.
9:58 of 1st period - Stopped by Corey Crawford with a rebound.
10:00 of 1st period - Shot by Tyler Ennis.
10:00 of 1st period - Stopped by Corey Crawford without a rebound.
10:01 of 1st period - Dylan Larkin wins face-off versus Derek Stepan in Panthers zone.
10:10 of 1st period - Shot by Nikita Kucherov.
10:10 of 1st period - Goal by Nikita Kucherov - Panthers : 1 - Ducks : 1.
10:11 of 1st period - Jean-Gabriel Pageau wins face-off versus Derek Stepan in neutral zone.
12:29 of 1st period - Brett Connolly is hit by Pierre-Luc Dubois and loses puck.
12:57 of 1st period - Jacob de La Rose is hit by Jonathan Huberdeau and loses puck.
13:58 of 1st period - Shot by Matthew Tkachuk.
13:58 of 1st period - Deflect By Alex Ovechkin.
13:58 of 1st period - Shot Misses the Net.
14:00 of 1st period - Shot by Matthew Tkachuk.
14:00 of 1st period - Stopped by Antti Raanta with a rebound.
14:15 of 1st period - Icing by Oskar Sundqvist.
14:16 of 1st period - Derek Grant wins face-off versus Derek Stepan in Panthers zone.
14:25 of 1st period - Shot by Andrew Copp.
14:25 of 1st period - Stopped by Antti Raanta without a rebound.
14:26 of 1st period - Jean-Gabriel Pageau wins face-off versus Derek Stepan in Ducks zone.
14:39 of 1st period - Shot by Jean-Gabriel Pageau.
14:39 of 1st period - Shot Misses the Net.
14:41 of 1st period - Shot by Matt Calvert.
14:41 of 1st period - Shot Blocked by Derek Forbort.
15:29 of 1st period - Shot by Dylan Larkin.
15:29 of 1st period - Shot Misses the Net.
16:04 of 1st period - Derek Stepan is hit by Matthew Tkachuk and loses puck.
16:21 of 1st period - Icing by Nikita Kucherov.
16:22 of 1st period - Aleksander Barkov wins face-off versus Derek Stepan in Panthers zone.
16:27 of 1st period - Justin Holl is hit by Derek Stepan and loses puck.
16:50 of 1st period - Shot by Aleksander Barkov.
16:50 of 1st period - Stopped by Antti Raanta with a rebound.
17:28 of 1st period - Shot by Derek Grant.
17:28 of 1st period - Stopped by Antti Raanta without a rebound.
17:29 of 1st period - Jack Roslovic wins face-off versus Dylan Larkin in Ducks zone.
17:29 of 1st period - Jack Roslovic is hit by Alex Ovechkin.
17:57 of 1st period - Brandon Sutter is hit by Jeff Petry and loses puck.
18:13 of 1st period - Icing by Quinn Hughes.
18:14 of 1st period - Dylan Larkin wins face-off versus Kyle Turris in Panthers zone.
18:54 of 1st period - Quinn Hughes is hit by Kyle Turris and loses puck.
19:17 of 1st period - Shot by Jack Roslovic.
19:17 of 1st period - Stopped by Corey Crawford with a rebound.
19:19 of 1st period - Shot by Jack Roslovic.
19:19 of 1st period - Stopped by Corey Crawford without a rebound.
19:20 of 1st period - Aleksander Barkov wins face-off versus Anders Lee in Panthers zone.
Goals for this period are 1 for Panthers vs 1 for Ducks.
Shots for this period are 12 for Panthers vs 6 for Ducks.

2nd period


0:01 of 2nd period - Jean-Gabriel Pageau wins face-off versus Derek Stepan in neutral zone.
0:03 of 2nd period - Minor Penalty to Josh Manson for Interference.
0:04 of 2nd period - Aleksander Barkov wins face-off versus Derek Stepan in Ducks zone.
0:05 of 2nd period - Shot by Quinn Hughes.
0:05 of 2nd period - Stopped by Antti Raanta with a rebound.
0:35 of 2nd period - Shot by Matthew Tkachuk.
0:35 of 2nd period - Shot Misses the Net.
0:37 of 2nd period - Shot by Aleksander Barkov.
0:37 of 2nd period - Shot Misses the Net.
0:39 of 2nd period - Shot by Aleksander Barkov.
0:39 of 2nd period - Shot Misses the Net.
0:41 of 2nd period - Shot by Jeff Petry.
0:41 of 2nd period - Shot Misses the Net.
1:11 of 2nd period - Shot by Dylan Larkin.
1:11 of 2nd period - Shot Misses the Net.
1:13 of 2nd period - Shot by Colton Parayko.
1:13 of 2nd period - Goal by Colton Parayko - Panthers : 2 - Ducks : 1.
1:14 of 2nd period - Matt Calvert wins face-off versus Jack Roslovic in neutral zone.
1:20 of 2nd period - Icing by Josh Manson.
1:21 of 2nd period - Jack Roslovic wins face-off versus Jean-Gabriel Pageau in Ducks zone.
1:33 of 2nd period - Minor Penalty to Artem Anisimov for Roughing.
1:34 of 2nd period - Kyle Turris wins face-off versus Nikita Kucherov in Ducks zone.
1:40 of 2nd period - Icing by Samuel Girard.
1:41 of 2nd period - Derek Stepan wins face-off versus Dylan Larkin in Panthers zone.
1:43 of 2nd period - Minor Penalty to Samuel Girard for Hooking.
1:44 of 2nd period - Dylan Larkin wins face-off versus Derek Stepan in Panthers zone.
1:46 of 2nd period - Icing by Quinn Hughes.
1:47 of 2nd period - Derek Stepan wins face-off versus Dylan Larkin in Panthers zone.
1:48 of 2nd period - Shot by Josh Manson.
1:48 of 2nd period - Shot Misses the Net.
1:50 of 2nd period - Shot by Derek Stepan.
1:50 of 2nd period - Deflect By Anders Lee.
1:50 of 2nd period - Shot Misses the Net.
2:26 of 2nd period - Shot by Nikita Kucherov.
2:26 of 2nd period - Stopped by Antti Raanta without a rebound.
2:27 of 2nd period - Aleksander Barkov wins face-off versus Jack Roslovic in Ducks zone.
2:38 of 2nd period - Shot by Aleksander Barkov.
2:38 of 2nd period - Shot Misses the Net.
2:40 of 2nd period - Shot by Zdeno Chara.
2:40 of 2nd period - Shot Misses the Net.
2:46 of 2nd period - Shot by Aleksander Barkov.
2:46 of 2nd period - Stopped by Antti Raanta without a rebound.
2:47 of 2nd period - Derek Stepan wins face-off versus Dylan Larkin in Ducks zone.
3:35 of 2nd period - Shot by Artem Anisimov.
3:35 of 2nd period - Shot Misses the Net.
3:37 of 2nd period - Shot by Brandon Sutter.
3:37 of 2nd period - Shot Misses the Net.
3:39 of 2nd period - Shot by Calvin de Haan.
3:39 of 2nd period - Shot Blocked by Zdeno Chara.
3:41 of 2nd period - Shot by Derek Forbort.
3:41 of 2nd period - Stopped by Corey Crawford with a rebound.
3:47 of 2nd period - Shot by Brandon Sutter.
3:47 of 2nd period - Deflect By Kyle Turris.
3:47 of 2nd period - Shot Blocked by Samuel Girard.
4:09 of 2nd period - Kyle Turris is hit by Pierre-Luc Dubois and loses puck.
5:01 of 2nd period - Shot by Oskar Sundqvist.
5:01 of 2nd period - Shot Blocked by Brandon Sutter.
5:03 of 2nd period - Shot by Andrew Copp.
5:03 of 2nd period - Shot Misses the Net.
5:07 of 2nd period - Shot by Derek Grant.
5:07 of 2nd period - Stopped by Antti Raanta without a rebound.
5:08 of 2nd period - Jack Roslovic wins face-off versus Dylan Larkin in Ducks zone.
5:34 of 2nd period - Icing by Josh Manson.
5:35 of 2nd period - Aleksander Barkov wins face-off versus Jack Roslovic in Ducks zone.
6:08 of 2nd period - Shot by Anders Lee.
6:08 of 2nd period - Stopped by Corey Crawford without a rebound.
6:09 of 2nd period - Dylan Larkin wins face-off versus Jacob de La Rose in Panthers zone.
7:00 of 2nd period - Derek Stepan is hit by Colton Parayko and loses puck.
7:43 of 2nd period - Icing by Derek Forbort.
7:44 of 2nd period - Jacob de La Rose wins face-off versus Aleksander Barkov in Ducks zone.
7:44 of 2nd period - Jacob de La Rose is hit by Jonathan Huberdeau.
7:56 of 2nd period - Shot by Jonathan Huberdeau.
7:56 of 2nd period - Shot Misses the Net.
7:58 of 2nd period - Shot by Aleksander Barkov.
7:58 of 2nd period - Stopped by Antti Raanta without a rebound.
7:59 of 2nd period - Dylan Larkin wins face-off versus Jack Roslovic in Ducks zone.
8:39 of 2nd period - Minor Penalty to Josh Manson for Tripping.
8:40 of 2nd period - Aleksander Barkov wins face-off versus Michael Raffl in Ducks zone.
8:41 of 2nd period - Shot by Samuel Girard.
8:41 of 2nd period - Shot Misses the Net.
8:43 of 2nd period - Shot by Colton Parayko.
8:43 of 2nd period - Stopped by Antti Raanta without a rebound.
8:44 of 2nd period - Aleksander Barkov wins face-off versus Michael Raffl in Ducks zone.
8:51 of 2nd period - Shot by Aleksander Barkov.
8:51 of 2nd period - Shot Misses the Net.
8:53 of 2nd period - Shot by Colton Parayko.
8:53 of 2nd period - Stopped by Antti Raanta without a rebound.
8:54 of 2nd period - Dylan Larkin wins face-off versus Michael Raffl in Ducks zone.
9:05 of 2nd period - Shot by Alex Ovechkin.
9:05 of 2nd period - Shot Blocked by Michael Raffl.
9:07 of 2nd period - Shot by Colton Parayko.
9:07 of 2nd period - Stopped by Antti Raanta without a rebound.
9:08 of 2nd period - Derek Stepan wins face-off versus Aleksander Barkov in Ducks zone.
9:19 of 2nd period - Shot by Quinn Hughes.
9:19 of 2nd period - Shot Misses the Net.
9:31 of 2nd period - Shot by Jeff Petry.
9:31 of 2nd period - Shot Misses the Net.
9:33 of 2nd period - Shot by Quinn Hughes.
9:33 of 2nd period - Deflect By Matthew Tkachuk.
9:33 of 2nd period - Shot Misses the Net.
9:35 of 2nd period - Shot by Jeff Petry.
9:35 of 2nd period - Stopped by Antti Raanta without a rebound.
9:36 of 2nd period - Dylan Larkin wins face-off versus Derek Stepan in Ducks zone.
9:58 of 2nd period - Shot by Colton Parayko.
9:58 of 2nd period - Shot Misses the Net.
10:31 of 2nd period - Shot by Quinn Hughes.
10:31 of 2nd period - Stopped by Antti Raanta with a rebound.
10:50 of 2nd period - Icing by Matt Calvert.
10:51 of 2nd period - Kyle Turris wins face-off versus Jean-Gabriel Pageau in Panthers zone.
10:51 of 2nd period - Michael Raffl is hit by Zdeno Chara and loses puck.
11:18 of 2nd period - Shot by Kyle Turris.
11:18 of 2nd period - Shot Blocked by Justin Holl.
11:34 of 2nd period - Icing by Jean-Gabriel Pageau.
11:35 of 2nd period - Jean-Gabriel Pageau wins face-off versus Jack Roslovic in Panthers zone.
12:56 of 2nd period - Shot by Matthew Tkachuk.
12:56 of 2nd period - Deflect By Alex Ovechkin.
12:56 of 2nd period - Stopped by Antti Raanta without a rebound.
12:57 of 2nd period - Kyle Turris wins face-off versus Derek Grant in Ducks zone.
12:57 of 2nd period - Kyle Turris is hit by Oskar Sundqvist.
13:06 of 2nd period - Minor Penalty to Zdeno Chara for Tripping.
13:07 of 2nd period - Derek Stepan wins face-off versus Derek Grant in Panthers zone.
13:14 of 2nd period - Shot by Josh Manson.
13:14 of 2nd period - Stopped by Corey Crawford with a rebound.
14:05 of 2nd period - Shot by Derek Forbort.
14:05 of 2nd period - Shot Misses the Net.
14:07 of 2nd period - Shot by Brandon Sutter.
14:07 of 2nd period - Stopped by Corey Crawford without a rebound.
14:08 of 2nd period - Derek Stepan wins face-off versus Jean-Gabriel Pageau in Panthers zone.
14:35 of 2nd period - Shot by Derek Stepan.
14:35 of 2nd period - Stopped by Corey Crawford with a rebound.
14:37 of 2nd period - Shot by T.J. Brodie.
14:37 of 2nd period - Stopped by Corey Crawford without a rebound.
14:38 of 2nd period - Jack Roslovic wins face-off versus Derek Grant in Panthers zone.
14:43 of 2nd period - Shot by Brandon Sutter.
14:43 of 2nd period - Stopped by Corey Crawford without a rebound.
14:44 of 2nd period - Derek Grant wins face-off versus Jack Roslovic in Panthers zone.
14:56 of 2nd period - Icing by Brandon Sutter.
14:57 of 2nd period - Jack Roslovic wins face-off versus Jean-Gabriel Pageau in Ducks zone.
15:12 of 2nd period - Shot by Tyler Ennis.
15:12 of 2nd period - Stopped by Corey Crawford with a rebound.
15:14 of 2nd period - Shot by Kyle Turris.
15:14 of 2nd period - Goal by Kyle Turris - Panthers : 2 - Ducks : 2.
15:15 of 2nd period - Derek Stepan wins face-off versus Dylan Larkin in neutral zone.
15:24 of 2nd period - Minor Penalty to Luke Schenn for Kneeing.
15:25 of 2nd period - Aleksander Barkov wins face-off versus Derek Stepan in Ducks zone.
15:55 of 2nd period - Icing by Aleksander Barkov.
15:56 of 2nd period - Aleksander Barkov wins face-off versus Derek Stepan in Panthers zone.
16:35 of 2nd period - Shot by Nikita Kucherov.
16:35 of 2nd period - Shot Blocked by Derek Forbort.
16:50 of 2nd period - Nikita Kucherov is hit by Derek Forbort.
17:52 of 2nd period - Shot by Jean-Gabriel Pageau.
17:52 of 2nd period - Stopped by Antti Raanta with a rebound.
17:54 of 2nd period - Shot by Jean-Gabriel Pageau.
17:54 of 2nd period - Stopped by Antti Raanta without a rebound.
17:55 of 2nd period - Derek Grant wins face-off versus Kyle Turris in Ducks zone.
18:08 of 2nd period - Shot by Oskar Sundqvist.
18:08 of 2nd period - Shot Misses the Net.
19:25 of 2nd period - Jonathan Huberdeau is hit by Kyle Turris and loses puck.
19:58 of 2nd period - Jonathan Huberdeau is hit by Josh Manson and loses puck.
Goals for this period are 1 for Panthers vs 1 for Ducks.
Shots for this period are 14 for Panthers vs 9 for Ducks.

3rd period


0:01 of 3rd period - Derek Stepan wins face-off versus Aleksander Barkov in neutral zone.
0:38 of 3rd period - Shot by Derek Stepan.
0:38 of 3rd period - Shot Misses the Net.
0:40 of 3rd period - Shot by T.J. Brodie.
0:40 of 3rd period - Shot Misses the Net.
0:47 of 3rd period - Icing by Jeff Petry.
0:48 of 3rd period - Aleksander Barkov wins face-off versus Jack Roslovic in Panthers zone.
1:14 of 3rd period - Icing by Calvin de Haan.
1:15 of 3rd period - Dylan Larkin wins face-off versus Jack Roslovic in Ducks zone.
1:50 of 3rd period - Samuel Girard is hit by Tyler Ennis and loses puck.
3:11 of 3rd period - Shot by Matt Calvert.
3:11 of 3rd period - Deflect By Jean-Gabriel Pageau.
3:11 of 3rd period - Stopped by Antti Raanta without a rebound.
3:12 of 3rd period - Jack Roslovic wins face-off versus Aleksander Barkov in Ducks zone.
3:26 of 3rd period - Shot by Brandon Sutter.
3:26 of 3rd period - Stopped by Corey Crawford without a rebound.
3:27 of 3rd period - Andrew Copp wins face-off versus Tyler Ennis in Panthers zone.
4:07 of 3rd period - Icing by T.J. Brodie.
4:08 of 3rd period - Aleksander Barkov wins face-off versus Kyle Turris in Ducks zone.
4:35 of 3rd period - Shot by Jonathan Huberdeau.
4:35 of 3rd period - Stopped by Antti Raanta without a rebound.
4:36 of 3rd period - Derek Stepan wins face-off versus Dylan Larkin in Ducks zone.
4:36 of 3rd period - Derek Stepan is hit by Alex Ovechkin.
4:58 of 3rd period - Shot by Dylan Larkin.
4:58 of 3rd period - Shot Blocked by Derek Forbort.
5:05 of 3rd period - Dylan Larkin is hit by Calvin de Haan and loses puck.
5:34 of 3rd period - Shot by Aleksander Barkov.
5:34 of 3rd period - Shot Blocked by Derek Forbort.
5:36 of 3rd period - Shot by Jeff Petry.
5:36 of 3rd period - Shot Misses the Net.
5:38 of 3rd period - Shot by Aleksander Barkov.
5:38 of 3rd period - Shot Misses the Net.
5:40 of 3rd period - Shot by Quinn Hughes.
5:40 of 3rd period - Shot Blocked by Calvin de Haan.
5:59 of 3rd period - Shot by Jeff Petry.
5:59 of 3rd period - Stopped by Antti Raanta without a rebound.
6:00 of 3rd period - Jack Roslovic wins face-off versus Pierre-Luc Dubois in Ducks zone.
6:04 of 3rd period - Off-side.
6:05 of 3rd period - Jean-Gabriel Pageau wins face-off versus Jack Roslovic in neutral zone.
6:15 of 3rd period - Josh Manson is hit by Pierre-Luc Dubois and loses puck.
6:25 of 3rd period - Shot by Pierre-Luc Dubois.
6:25 of 3rd period - Stopped by Antti Raanta without a rebound.
6:26 of 3rd period - Aleksander Barkov wins face-off versus Kyle Turris in Ducks zone.
6:37 of 3rd period - Shot by Aleksander Barkov.
6:37 of 3rd period - Stopped by Antti Raanta without a rebound.
6:38 of 3rd period - Dylan Larkin wins face-off versus Jack Roslovic in Ducks zone.
7:02 of 3rd period - Off-side.
7:03 of 3rd period - Nikita Kucherov wins face-off versus Kyle Turris in neutral zone.
7:14 of 3rd period - Shot by Nikita Kucherov.
7:14 of 3rd period - Deflect By Aleksander Barkov.
7:14 of 3rd period - Stopped by Antti Raanta without a rebound.
7:15 of 3rd period - Jean-Gabriel Pageau wins face-off versus Derek Stepan in Ducks zone.
7:15 of 3rd period - Quinn Hughes is hit by Josh Manson and loses puck.
7:42 of 3rd period - Shot by Derek Stepan.
7:42 of 3rd period - Shot Misses the Net.
7:44 of 3rd period - Shot by T.J. Brodie.
7:44 of 3rd period - Deflect By Anders Lee.
7:44 of 3rd period - Stopped by Corey Crawford with a rebound.
7:46 of 3rd period - Shot by T.J. Brodie.
7:46 of 3rd period - Stopped by Corey Crawford without a rebound.
7:47 of 3rd period - Aleksander Barkov wins face-off versus Jack Roslovic in Panthers zone.
8:08 of 3rd period - Shot by Aleksander Barkov.
8:08 of 3rd period - Stopped by Antti Raanta without a rebound.
8:09 of 3rd period - Dylan Larkin wins face-off versus Kyle Turris in Ducks zone.
8:16 of 3rd period - Shot by Dylan Larkin.
8:16 of 3rd period - Shot Misses the Net.
8:22 of 3rd period - Shot by Tyler Ennis.
8:22 of 3rd period - Shot Blocked by Zdeno Chara.
8:34 of 3rd period - Shot by Tyler Ennis.
8:34 of 3rd period - Stopped by Corey Crawford without a rebound.
8:35 of 3rd period - Aleksander Barkov wins face-off versus Derek Stepan in Panthers zone.
10:07 of 3rd period - Shot by Matthew Tkachuk.
10:07 of 3rd period - Stopped by Antti Raanta with a rebound.
10:17 of 3rd period - Shot by Alex Ovechkin.
10:17 of 3rd period - Shot Blocked by Derek Forbort.
10:35 of 3rd period - Minor Penalty to Matt Calvert for Interference.
10:36 of 3rd period - Derek Stepan wins face-off versus Derek Grant in Panthers zone.
10:49 of 3rd period - Shot by Anders Lee.
10:49 of 3rd period - Stopped by Corey Crawford without a rebound.
10:50 of 3rd period - Derek Stepan wins face-off versus Derek Grant in Panthers zone.
11:39 of 3rd period - Icing by Calvin de Haan.
11:40 of 3rd period - Nick Ritchie wins face-off versus Derek Grant in Ducks zone.
12:36 of 3rd period - Shot by Derek Stepan.
12:36 of 3rd period - Stopped by Corey Crawford without a rebound.
12:37 of 3rd period - Derek Stepan wins face-off versus Dylan Larkin in Panthers zone.
12:41 of 3rd period - Luke Kunin is hit by Justin Holl and loses puck.
12:49 of 3rd period - Luke Kunin is hit by Justin Holl and loses puck.
12:55 of 3rd period - Matthew Tkachuk is hit by Luke Schenn and loses puck.
13:08 of 3rd period - Shot by Dylan Larkin.
13:08 of 3rd period - Stopped by Antti Raanta without a rebound.
13:09 of 3rd period - Kyle Turris wins face-off versus Nikita Kucherov in Ducks zone.
13:09 of 3rd period - Minor Penalty to Nikita Kucherov for Tripping.
13:10 of 3rd period - Jack Roslovic wins face-off versus Derek Grant in Panthers zone.
13:21 of 3rd period - Shot by Josh Manson.
13:21 of 3rd period - Shot Misses the Net.
14:22 of 3rd period - Shot by Anders Lee.
14:22 of 3rd period - Stopped by Corey Crawford without a rebound.
14:23 of 3rd period - Derek Grant wins face-off versus Derek Stepan in Panthers zone.
14:50 of 3rd period - Luke Kunin is hit by Derek Grant and loses puck.
15:28 of 3rd period - Minor Penalty to Tyler Ennis for Hooking.
15:29 of 3rd period - Dylan Larkin wins face-off versus Jack Roslovic in Ducks zone.
15:29 of 3rd period - Dylan Larkin is hit by Calvin de Haan.
15:41 of 3rd period - Shot by Jeff Petry.
15:41 of 3rd period - Shot Blocked by Derek Forbort.
17:51 of 3rd period - Shot by Artem Anisimov.
17:51 of 3rd period - Deflect By Brandon Sutter.
17:51 of 3rd period - Shot Misses the Net.
17:56 of 3rd period - Brandon Sutter is hit by Justin Holl and loses puck.
18:00 of 3rd period - Minor Penalty to Justin Holl for Hooking.
18:01 of 3rd period - Derek Grant wins face-off versus Derek Stepan in Panthers zone.
18:30 of 3rd period - Shot by Derek Stepan.
18:30 of 3rd period - Stopped by Corey Crawford with a rebound.
19:06 of 3rd period - Icing by Josh Manson.
19:07 of 3rd period - Aleksander Barkov wins face-off versus Jack Roslovic in Ducks zone.
19:15 of 3rd period - Icing by Brandon Sutter.
19:16 of 3rd period - Derek Grant wins face-off versus Jack Roslovic in Ducks zone.
19:43 of 3rd period - Colton Parayko is hit by Anders Lee and loses puck.
Goals for this period are 0 for Panthers vs 0 for Ducks.
Shots for this period are 9 for Panthers vs 8 for Ducks.

Overtime #1


0:01 of 1st overtime period - Aleksander Barkov wins face-off versus Derek Stepan in neutral zone.
0:15 of 1st overtime period - Shot by Quinn Hughes.
0:15 of 1st overtime period - Stopped by Antti Raanta without a rebound.
0:16 of 1st overtime period - Aleksander Barkov wins face-off versus Derek Stepan in Ducks zone.
0:25 of 1st overtime period - Shot by Aleksander Barkov.
0:25 of 1st overtime period - Shot Misses the Net.
0:27 of 1st overtime period - Shot by Quinn Hughes.
0:27 of 1st overtime period - Stopped by Antti Raanta without a rebound.
0:28 of 1st overtime period - Derek Stepan wins face-off versus Aleksander Barkov in Ducks zone.
0:39 of 1st overtime period - Shot by Anders Lee.
0:39 of 1st overtime period - Deflect By Derek Stepan.
0:39 of 1st overtime period - Stopped by Corey Crawford with a rebound.
0:41 of 1st overtime period - Shot by Josh Manson.
0:41 of 1st overtime period - Stopped by Corey Crawford without a rebound.
0:42 of 1st overtime period - Derek Stepan wins face-off versus Aleksander Barkov in Panthers zone.
0:47 of 1st overtime period - Shot by Anders Lee.
0:47 of 1st overtime period - Stopped by Corey Crawford with a rebound.
0:49 of 1st overtime period - Shot by Josh Manson.
0:49 of 1st overtime period - Deflect By Derek Stepan.
0:49 of 1st overtime period - Shot Misses the Net.
0:51 of 1st overtime period - Shot by Josh Manson.
0:51 of 1st overtime period - Shot Misses the Net.
0:53 of 1st overtime period - Shot by Derek Stepan.
0:53 of 1st overtime period - Stopped by Corey Crawford without a rebound.
0:54 of 1st overtime period - Derek Stepan wins face-off versus Aleksander Barkov in Panthers zone.
1:56 of 1st overtime period - Shot by Kyle Turris.
1:56 of 1st overtime period - Stopped by Corey Crawford without a rebound.
1:57 of 1st overtime period - Dylan Larkin wins face-off versus Brandon Sutter in Panthers zone.
2:57 of 1st overtime period - Shot by Anders Lee.
2:57 of 1st overtime period - Shot Misses the Net.
2:59 of 1st overtime period - Shot by Anders Lee.
2:59 of 1st overtime period - Goal by Anders Lee - Panthers : 2 - Ducks : 3.
Goals for this period are 0 for Panthers vs 1 for Ducks.
Shots for this period are 2 for Panthers vs 6 for Ducks.